PCL
VANCOUVER VIPERS @ HOUSTON HAMMERTIME
09/01/2030
 
TOP OF THE 1ST
Vancouver Vipers batting - Pitching for Houston Hammertime : RHP Jun Kawashima
Pitching: RHP Jun Kawashima
Batting: LHB Ernesto Meléndez 0-0: Called Strike
0-1: Foul Ball, location: 2F
0-2: Ball
1-2: Ball
2-2: Ball
3-2: Base on Balls
Batting: LHB Jorge Martínez 0-0: Called Strike
0-1: SINGLE (Groundball, 4D)
Ernesto Meléndez to second
Batting: LHB Benny Richard 0-0: Ball
1-0: Ball
2-0: Ball
3-0: Called Strike
3-1: Base on Balls
Ernesto Meléndez to third
Jorge Martínez to second
Batting: RHB Walton Smith 0-0: Ball
1-0: Foul Ball, location: 2F
1-1: Ball
2-1: Ball
3-1: Grounds into double play, 4-6-3 (Groundball, 4)
Ernesto Meléndez scores
Jorge Martínez to third
Batting: RHB Salvador Medine 0-0: Swinging Strike
0-1: Foul Ball, location: 2F
0-2: Ball
1-2: Foul Ball, location: 2F
1-2: Strikes out swinging, 2-3 out at first.
Top of the 1st over - 1 run, 1 hit, 0 errors, 1 left on base; Vancouver 1 - Houston 0
BOTTOM OF THE 1ST
Houston Hammertime batting - Pitching for Vancouver Vipers : LHP Sebastián Cervantes
Pitching: LHP Sebastián Cervantes
Batting: LHB David Adams 0-0: Called Strike
0-1: Called Strike
0-2: Strikes out swinging
Batting: RHB José García 0-0: Called Strike
0-1: SINGLE (Groundball, 34D)
Batting: LHB Francisco Cardenas 0-0: Ball
1-0: Called Strike
1-1: Ball
2-1: Foul Ball, location: 2F
2-2: Ball
3-2: 2-RUN HOME RUN (Flyball, 9D), Distance : 360 ft
Batting: LHB Marcos Cantú 0-0: Ball
1-0: Called Strike
1-1: Ball
2-1: Foul Ball, location: 2F
2-2: Ground out 6-3 (Groundball, 6)
Batting: LHB Francisco Calderón 0-0: Ball
1-0: Called Strike
1-1: Called Strike
1-2: Strikes out looking
Bottom of the 1st over - 2 runs, 2 hits, 0 errors, 0 left on base; Vancouver 1 - Houston 2
TOP OF THE 2ND
Vancouver Vipers batting - Pitching for Houston Hammertime : RHP Jun Kawashima
Batting: LHB Nick Gamble 0-0: Ball
1-0: Foul Ball, location: 2F
1-1: Ball
2-1: Ball
3-1: Base on Balls
Batting: RHB Clarence Harrison 0-0: Ball
1-0: Called Strike
1-1: Called Strike
1-2: Ball
2-2: Grounds into double play, 6-4-3 (Groundball, 6)
Batting: SHB Emílio Calvillo 0-0: Called Strike
0-1: Swinging Strike
0-2: Fly out, F7 (Line Drive, 7LD)
Top of the 2nd over - 0 runs, 0 hits, 0 errors, 0 left on base; Vancouver 1 - Houston 2
BOTTOM OF THE 2ND
Houston Hammertime batting - Pitching for Vancouver Vipers : LHP Sebastián Cervantes
Batting: RHB Raúl Salas 0-0: Called Strike
0-1: Foul Ball, location: 2F
0-2: Ball
1-2: Ball
2-2: Foul Ball, location: 2F
2-2: DOUBLE (Flyball, 9LD)
Batting: LHB Raúl Casillán 0-0: SINGLE (Groundball, 34D)
Raúl Salas to third
Runner from 3rd tries for Home, SAFE, throw made home
Raúl Casillán to second
Batting: RHB Santo Cruz 0-0: Foul Ball, location: 2F
0-1: Ground out 6-3 (Groundball, 6)
Batting: LHB António Camacho 0-0: Ball
1-0: Ball
2-0: Called Strike
2-1: Foul Ball, location: 2F
2-2: Foul Ball, location: 2F
2-2: Ball
3-2: Base on Balls
Batting: LHB David Adams 0-0: Ball
Raúl Casillán steals 3rd base
António Camacho to second
1-0: Ball
2-0: Ground out 6-3 (Groundball, 6S)
Raúl Casillán scores
António Camacho to third
Batting: RHB José García 0-0: Called Strike
0-1: Called Strike
0-2: Ground out 6-3 (Groundball, 6)
Bottom of the 2nd over - 2 runs, 2 hits, 0 errors, 1 left on base; Vancouver 1 - Houston 4
TOP OF THE 3RD
Vancouver Vipers batting - Pitching for Houston Hammertime : RHP Jun Kawashima
Batting: LHB Richard Bell 0-0: Ball
1-0: SINGLE (Groundball, 5D)
Batting: LHB Ernesto Meléndez 0-0: Called Strike
0-1: Ball
1-1: Swinging Strike
1-2: Strikes out swinging
Batting: LHB Jorge Martínez 0-0: Called Strike
0-1: Ball
1-1: Foul Ball, location: 2F
1-2: Fielders Choice at 2nd, 1-4 (Groundball, 15S)
Batting: LHB Benny Richard 0-0: Called Strike
0-1: Ball
1-1: Swinging Strike
1-2: Fly out, F7 (Flyball, 7S)
Top of the 3rd over - 0 runs, 1 hit, 0 errors, 1 left on base; Vancouver 1 - Houston 4
BOTTOM OF THE 3RD
Houston Hammertime batting - Pitching for Vancouver Vipers : LHP Sebastián Cervantes
Batting: LHB Francisco Cardenas 0-0: Called Strike
0-1: Ball
1-1: Foul Ball, location: 2F
1-2: Foul Ball, location: 2F
1-2: Strikes out looking
Batting: LHB Marcos Cantú 0-0: Fly out, F7 (Flyball, 7D)
Batting: LHB Francisco Calderón 0-0: Ball
1-0: Called Strike
1-1: Foul Ball, location: 2F
1-2: Ground out 4-3 (Groundball, 4S)
Bottom of the 3rd over - 0 runs, 0 hits, 0 errors, 0 left on base; Vancouver 1 - Houston 4
TOP OF THE 4TH
Vancouver Vipers batting - Pitching for Houston Hammertime : RHP Jun Kawashima
Batting: RHB Walton Smith 0-0: Ball
1-0: Swinging Strike
1-1: Foul Ball, location: 2F
1-2: Ball
2-2: Ball
3-2: Ground out 5-3 (Groundball, 56)
Batting: RHB Salvador Medine 0-0: Fly out, F8 (Flyball, 8RD)
Batting: LHB Nick Gamble 0-0: Ball
1-0: Ball
2-0: Foul Ball, location: 2F
2-1: Foul Ball, location: 2F
2-2: SINGLE (Groundball, 5) (infield hit)
Batting: RHB Clarence Harrison 0-0: Called Strike
0-1: Ball
1-1: Ball
2-1: Ball
3-1: Base on Balls
Nick Gamble to second
Batting: SHB Emílio Calvillo 0-0: Called Strike
0-1: Foul Ball, location: 2F
0-2: Ball
1-2: Ball
Wild Pitch!
Nick Gamble to third
Clarence Harrison to second
2-2: Ground out 4-3 (Groundball, 4)
Top of the 4th over - 0 runs, 1 hit, 0 errors, 2 left on base; Vancouver 1 - Houston 4
BOTTOM OF THE 4TH
Houston Hammertime batting - Pitching for Vancouver Vipers : LHP Sebastián Cervantes
Batting: RHB Raúl Salas 0-0: Ball
1-0: Foul Ball, location: 2F
1-1: Foul Ball, location: 2F
1-2: Foul Ball, location: 2F
1-2: Ball
2-2: Foul Ball, location: 2F
2-2: Foul Ball, location: 2F
2-2: Foul Ball, location: 2F
2-2: Strikes out looking
Batting: LHB Raúl Casillán 0-0: Ball
1-0: Ground out 6-3 (Groundball, 6S)
Batting: RHB Santo Cruz 0-0: Ball
1-0: Foul Ball, location: 2F
1-1: Ball
2-1: Foul Ball, location: 2F
2-2: Ground out 6-3 (Groundball, 6)
Bottom of the 4th over - 0 runs, 0 hits, 0 errors, 0 left on base; Vancouver 1 - Houston 4
TOP OF THE 5TH
Vancouver Vipers batting - Pitching for Houston Hammertime : RHP Jun Kawashima
Batting: LHB Richard Bell 0-0: Ball
1-0: Ball
2-0: Foul Ball, location: 2F
2-1: Ball
3-1: Base on Balls
Batting: LHB Ernesto Meléndez 0-0: Ball
1-0: Ball
2-0: Ball
3-0: Foul Ball, location: 2F
3-1: Called Strike
3-2: Foul Ball, location: 2F
3-2: Base on Balls
Richard Bell to second
Batting: LHB Jorge Martínez 0-0: Ball
1-0: SINGLE (Line Drive, 4D)
Richard Bell to third
Ernesto Meléndez to second
Batting: LHB Benny Richard 0-0: Ball
1-0: Ball
2-0: Ball
3-0: Fly out, F3 (Popup, 3D)
Batting: RHB Walton Smith 0-0: Ball
1-0: Called Strike
1-1: Called Strike
1-2: Foul Ball, location: 2F
1-2: Strikes out swinging
Batting: RHB Salvador Medine 0-0: Foul Ball, location: 2F
0-1: Ball
1-1: SINGLE (Line Drive, 6MD)
Richard Bell scores
Ernesto Meléndez to third
Jorge Martínez to second
Batting: LHB Nick Gamble 0-0: Ball
1-0: SINGLE (Line Drive, 4D)
Ernesto Meléndez scores
Jorge Martínez to third
Salvador Medine to second
Runner from 3rd tries for Home, SAFE, no throw
Pitching: RHP Rodrigo Aguilar
Batting: RHB Clarence Harrison 0-0: Ball
1-0: Foul Ball, location: 2F
1-1: Called Strike
1-2: Foul Ball, location: 2F
1-2: Foul Ball, location: 2F
1-2: Fly out, F8 (Flyball, 8LXD)
Top of the 5th over - 3 runs, 3 hits, 0 errors, 2 left on base; Vancouver 4 - Houston 4
BOTTOM OF THE 5TH
Houston Hammertime batting - Pitching for Vancouver Vipers : LHP Sebastián Cervantes
Batting: LHB António Camacho 0-0: Ball
1-0: Called Strike
1-1: Ball
2-1: Ball
3-1: SINGLE (Groundball, 56D)
Batting: LHB David Adams 0-0: Ball
1-0: Ball
Wild Pitch!
António Camacho to second
2-0: Ball
3-0: Called Strike
3-1: Foul Ball, location: 2F
3-2: Base on Balls
Batting: RHB José García 0-0: Ball
1-0: Ball
2-0: Ball
3-0: Base on Balls
António Camacho to third
David Adams to second
Batting: LHB Francisco Cardenas 0-0: Ball
1-0: DOUBLE (Line Drive, 9LM)
António Camacho scores
David Adams scores
José García to third
Pinch Runner at 2nd Enrique Valentín:
Batting: LHB Marcos Cantú 0-0: Intentional Walk
Batting: LHB Francisco Calderón 0-0: Called Strike
0-1: Foul Ball, location: 2F
0-2: Foul Ball, location: 2F
0-2: Ball
1-2: Foul Ball, location: 2F
1-2: Ball
2-2: Ball
3-2: Foul Ball, location: 2F
3-2: Base on Balls
José García scores
Enrique Valentín to third
Marcos Cantú to second
Batting: RHB Raúl Salas 0-0: Called Strike
0-1: Ball
1-1: Grounds into double play, 6-4-3 (Groundball, 6M)
Enrique Valentín scores
Marcos Cantú to third
Batting: LHB Raúl Casillán 0-0: Swinging Strike
0-1: SINGLE (Line Drive, 4MD)
Marcos Cantú scores
Pitching: LHP Dennis Morales
Batting: RHB Santo Cruz 0-0: Ball
1-0: Ball
2-0: Ball
3-0: Called Strike
3-1: Base on Balls
Raúl Casillán to second
Batting: LHB António Camacho 0-0: Ball
1-0: Ball
2-0: Ball
3-0: Base on Balls
Raúl Casillán to third
Santo Cruz to second
Batting: LHB David Adams 0-0: SINGLE (Line Drive, 9LS)
Raúl Casillán scores
Santo Cruz to third
António Camacho to second
Batting: RHB José García 0-0: Ball
1-0: Ball
2-0: SINGLE (Groundball, 3D)
Santo Cruz scores
António Camacho to third
David Adams to second
Runner from 3rd tries for Home, SAFE, throw made home
Batting: LHB Enrique Valentín 0-0: Ball
1-0: Called Strike
1-1: Swinging Strike
1-2: Foul Ball, location: 2F
1-2: Ball
2-2: Ball
3-2: Strikes out looking
Bottom of the 5th over - 8 runs, 5 hits, 0 errors, 2 left on base; Vancouver 4 - Houston 12
TOP OF THE 6TH
Vancouver Vipers batting - Pitching for Houston Hammertime : RHP Rodrigo Aguilar
Now in LF: Enrique Valentín
Batting: SHB Emílio Calvillo 0-0: Ground out U3 (Groundball, 34S)
Batting: LHB Richard Bell 0-0: Ball
1-0: Ball
2-0: Foul Ball, location: 2F
2-1: Foul Ball, location: 2F
2-2: Ball
3-2: Ground out 5-3 (Groundball, 5L)
Batting: LHB Ernesto Meléndez 0-0: Called Strike
0-1: Called Strike
0-2: Foul Ball, location: 2F
0-2: Foul Ball, location: 2F
0-2: Fly out, F9 (Flyball, 9S)
Top of the 6th over - 0 runs, 0 hits, 0 errors, 0 left on base; Vancouver 4 - Houston 12
BOTTOM OF THE 6TH
Houston Hammertime batting - Pitching for Vancouver Vipers : LHP Dennis Morales
Batting: LHB Marcos Cantú 0-0: Ball
1-0: Foul Ball, location: 2F
1-1: Foul Ball, location: 2F
1-2: Strikes out swinging
Batting: LHB Francisco Calderón 0-0: Ball
1-0: Swinging Strike
1-1: Foul Ball, location: 2F
1-2: Ball
2-2: Strikes out swinging
Batting: RHB Raúl Salas 0-0: Called Strike
0-1: Foul Ball, location: 2F
0-2: Ball
1-2: Foul Ball, location: 2F
1-2: Fly out, F5 (Popup, 5SF)
Bottom of the 6th over - 0 runs, 0 hits, 0 errors, 0 left on base; Vancouver 4 - Houston 12
TOP OF THE 7TH
Vancouver Vipers batting - Pitching for Houston Hammertime : RHP Rodrigo Aguilar
Batting: LHB Jorge Martínez 0-0: Ball
1-0: SINGLE (Line Drive, 3D)
Batting: LHB Benny Richard 0-0: Ball
Jorge Martínez steals 2nd base
1-0: 2-RUN HOME RUN (Flyball, 9D), Distance : 347 ft
Batting: RHB Walton Smith 0-0: Foul Ball, location: 2F
0-1: Called Strike
0-2: Foul Ball, location: 2F
0-2: SINGLE (Groundball, 6MD)
Batting: RHB Salvador Medine 0-0: Foul Ball, location: 2F
0-1: Ball
1-1: Foul Ball, location: 2F
1-2: Fly out, F9 (Flyball, 9S)
Batting: LHB Nick Gamble 0-0: Swinging Strike
Walton Smith is caught stealing 2nd base
0-1: Ball
1-1: Ball
2-1: Ball
3-1: SINGLE (Groundball, 6MD)
Batting: RHB Clarence Harrison 0-0: Ball
Nick Gamble steals 2nd base
1-0: Ball
2-0: Ground out 4-3 (Groundball, 4)
Top of the 7th over - 2 runs, 4 hits, 0 errors, 1 left on base; Vancouver 6 - Houston 12
BOTTOM OF THE 7TH
Houston Hammertime batting - Pitching for Vancouver Vipers : LHP Dennis Morales
Batting: LHB Raúl Casillán 0-0: Ball
1-0: Fly out, F9 (Flyball, 89M)
Batting: RHB Santo Cruz 0-0: Swinging Strike
0-1: Ball
1-1: Swinging Strike
1-2: Ball
2-2: Ball
3-2: Ground out 5-3 (Groundball, 5L)
Batting: LHB António Camacho 0-0: DOUBLE (Groundball, 3L)
Batting: LHB David Adams 0-0: Fly out, F6 (Line Drive, 56)
Bottom of the 7th over - 0 runs, 1 hit, 0 errors, 1 left on base; Vancouver 6 - Houston 12
TOP OF THE 8TH
Vancouver Vipers batting - Pitching for Houston Hammertime : RHP Rodrigo Aguilar
Batting: SHB Emílio Calvillo 0-0: Called Strike
0-1: Ball
1-1: Ball
2-1: Ball
3-1: Foul Ball, location: 2F
3-2: Foul Ball, location: 2F
3-2: Fly out, F5 (Line Drive, 5S)
Batting: LHB Richard Bell 0-0: Foul Ball, location: 2F
0-1: Ball
1-1: Ball
2-1: Called Strike
2-2: Ball
3-2: Base on Balls
Pitching: LHP Mark Stewart
Batting: LHB Ernesto Meléndez 0-0: Fielders Choice at 2nd, 6-4 (Groundball, 6M)
Batting: LHB Jorge Martínez 0-0: Foul Ball, location: 2F
0-1: Foul Ball, location: 2F
0-2: Ball
1-2: Strikes out swinging
Top of the 8th over - 0 runs, 0 hits, 0 errors, 1 left on base; Vancouver 6 - Houston 12
BOTTOM OF THE 8TH
Houston Hammertime batting - Pitching for Vancouver Vipers : LHP Dennis Morales
Batting: RHB José García 0-0: Called Strike
0-1: Called Strike
0-2: Foul Ball, location: 2F
0-2: SINGLE (Groundball, 56D)
Batting: LHB Enrique Valentín 0-0: Called Strike
0-1: Ball
1-1: SINGLE (Groundball, 13S) (infield hit)
José García to second
Batting: LHB Marcos Cantú 0-0: Called Strike
0-1: Ball
1-1: Called Strike
1-2: Foul Ball, location: 2F
1-2: Ball
2-2: SINGLE (Flyball, 7LS)
José García to third
Enrique Valentín to second
Runner from 3rd tries for Home, SAFE, no throw
Batting: LHB Francisco Calderón 0-0: SINGLE (Flyball, 7LM)
Enrique Valentín to third
Marcos Cantú to second
Batting: RHB Raúl Salas 0-0: Ball
1-0: Ball
2-0: Called Strike
2-1: Called Strike
2-2: Strikes out looking
Batting: LHB Raúl Casillán 0-0: Called Strike
0-1: Ball
1-1: Ball
2-1: Foul Ball, location: 2F
2-2: Strikes out swinging
Batting: RHB Santo Cruz 0-0: Ball
1-0: Fly out, F7 (Flyball, 7)
Bottom of the 8th over - 1 run, 4 hits, 0 errors, 3 left on base; Vancouver 6 - Houston 13
TOP OF THE 9TH
Vancouver Vipers batting - Pitching for Houston Hammertime : LHP Mark Stewart
Batting: LHB Benny Richard 0-0: Called Strike
0-1: Ball
1-1: Ball
2-1: SINGLE (Line Drive, 89M)
Batting: RHB Walton Smith 0-0: Ball
1-0: Called Strike
1-1: Foul Ball, location: 2F
1-2: Ball
2-2: Ball
3-2: Fly out, F9 (Flyball, 9LS)
Batting: RHB Salvador Medine 0-0: Ball
1-0: Ball
2-0: Ball
3-0: Called Strike
3-1: Foul Ball, location: 2F
3-2: Base on Balls
Benny Richard to second
Batting: LHB Nick Gamble 0-0: Ball
1-0: Ball
2-0: Called Strike
2-1: Foul Ball, location: 2F
2-2: Ball
3-2: Fly out, F7 (Flyball, 7)
Batting: RHB Clarence Harrison 0-0: TRIPLE (Flyball, 78XD)
Benny Richard scores
Salvador Medine scores
Batting: SHB Emílio Calvillo 0-0: Ball
1-0: Ball
2-0: Called Strike
2-1: Ball
3-1: Foul Ball, location: 2F
3-2: Foul Ball, location: 2F
3-2: Strikes out swinging
Top of the 9th over - 2 runs, 2 hits, 0 errors, 1 left on base; Vancouver 8 - Houston 13
Saturday, April 7th, 2018 - OOTP Baseball 18.8 Build 76